Map: Eternal Empire LE

Players

Has - Winner!

  • Race: Protoss Protoss
  • Spawn Location: 7:00

Yoger

  • Race: Zerg Zerg
  • Spawn Location: 1:00

Event: DreamHack SC2 Masters 2020 Summer TwHkMoJp

VOD

Have the link to the VOD?

Description

Time

  • Played on: June 24, 2020, 9:18 a.m.
  • Length: 17:20

All games in this series

Show
View Real Time Build Order
Export as new Build Order

Has Protoss - Winner!

Build Orders: 1 Gate Expand, Oracle Opening 

Get SALT Encoding   

  12  0:00  Probe  
  13  0:12  Probe  
  14  0:17  Pylon  
  14  0:24  Probe  
  15  0:34  Probe  
  15  0:35  Gateway  
  16  0:42  Probe  
  17  0:50  Assimilator  
  17  0:53  Probe  
  18  1:05  Probe  
  20  1:24  Nexus  
  19  1:28  Probe  
  20  1:38  Cybernetics Core  
  20  1:45  Assimilator  
  20  1:47  Probe  
  21  1:59  Probe  
  21  2:01  Pylon  
  22  2:10  Adept  
  22  2:11  Probe  
  23  2:16  Warp Gate  
  25  2:24  Probe  
  25  2:29  Stargate  
  26  2:30  Adept  
  26  2:36  Probe  
  27  2:39  Probe  
  30  2:47  Probe  
  30  2:48  Probe  
  32  2:56  Probe  
  32  3:00  Probe  
  32  3:01  Adept  
  36  3:07  Oracle  
  36  3:12  Probe  
  38  3:17  Gateway  
  40  3:21  Probe  
  40  3:24  Probe  
  42  3:33  Probe  
  43  3:35  Pylon  
  43  3:36  Probe  
  44  3:45  Probe  
  45  3:48  Probe  
  45  3:49  Oracle  
  45  3:50  Pylon  
  49  3:57  Probe  
  49  4:00  Probe  
  51  4:03  Twilight Council  
  51  4:09  Probe  
  52  4:11  Assimilator  
  52  4:12  Probe  
  53  4:20  Resonating Glaives  
  53  4:22  Probe  
  53  4:23  Adept  
  52  4:25  Stalker  
  52  4:29  Pylon  
  54  4:34  Nexus  
  54  4:36  Probe x2, Pylon  
  56  4:46  Pylon  
  56  4:50  Gateway  
  56  4:51  Gateway  
  56  4:52  Probe  
  58  5:01  Gateway  
  58  5:04  Adept  
  58  5:05  Adept  
  58  5:06  Probe  
  58  5:07  Probe  
  63  5:18  Probe  
  63  5:19  Probe  
  65  5:21  Robotics Facility  
  65  5:23  Forge  
  65  5:24  Assimilator  
  65  5:31  Probe  
  65  5:33  Adept, Protoss Ground Weapons Level 1  
  65  5:35  Adept  
  70  5:37  Pylon  
  70  5:38  Gateway  
  70  5:44  Probe  
  70  5:45  Probe  
  70  5:48  Shield Battery  
  72  5:50  Adept x2  
  72  5:54  Probe  
  72  5:56  Probe  
  79  5:57  Probe  
  79  6:01  Sentry x3  
  85  6:06  Probe  
  85  6:08  Blink  
  85  6:09  Probe x2  
  88  6:12  Robotics Bay  
  88  6:18  Assimilator, Probe  
  89  6:21  Probe x2  
  89  6:24  Pylon  
  91  6:30  Probe  
  92  6:33  Probe x2  
  94  6:42  Probe  
  94  6:44  Stalker x4  
  94  6:45  Assimilator  
  103  6:47  Photon Cannon  
  103  6:49  Pylon  
  103  6:50  Colossus  
  109  7:03  Pylon  
  109  7:09  Probe x2  
  109  7:10  Probe  
  109  7:11  Photon Cannon  
  112  7:21  Probe, Pylon  
  112  7:22  Pylon  
  113  7:35  Colossus  
  113  7:37  Nexus  
  113  7:38  Pylon  
  113  7:40  Probe, Stargate  
  113  7:41  Probe  
  113  7:42  Stargate  
  115  7:44  Photon Cannon  
  121  7:53  Photon Cannon  
  121  7:56  Stalker x2  
  125  8:00  Photon Cannon  
  125  8:01  Shield Battery  
  125  8:02  Sentry x2  
  129  8:11  Protoss Ground Weapons Level 2  
  129  8:16  Pylon  
  129  8:25  Phoenix x2  
  133  8:28  Fleet Beacon, Zealot x2  
  133  8:29  Zealot x4  
  133  8:30  Pylon  
  133  8:32  Pylon  
  151  8:42  Pylon  
  151  8:50  Phoenix x2  
  151  8:54  Stalker  
  151  8:55  Stalker  
  156  8:57  Pylon  
  152  9:12  Anion Pulse-Crystals  
  152  9:13  Pylon  
  152  9:14  Pylon x2  
  149  9:20  Phoenix x2  
  153  9:26  Stalker x2  
  153  9:28  Stalker x3  
  153  9:45  Phoenix x2, Probe x3  
  147  10:03  Protoss Air Weapons Level 1  
  140  10:08  Phoenix x2  
  141  10:17  Probe x2  
  141  10:25  Phoenix x2  
  141  10:32  Nexus  
  141  10:34  Colossus  
  141  10:35  Pylon  
  149  10:36  Protoss Ground Weapons Level 3  
  149  10:37  Robotics Facility  
  149  10:44  Photon Cannon  
  149  10:45  Photon Cannon  
  149  10:46  Photon Cannon x2  
  149  10:47  Photon Cannon  
  149  10:49  Shield Battery  
  149  10:52  Zealot  
  149  10:54  Phoenix x2  
  155  11:00  Stalker x2  
  159  11:12  Zealot  
  161  11:21  Stalker x3  
  165  11:28  Phoenix x2  
  165  11:32  Stalker x3  
  173  11:35  Probe x2  
  173  11:39  Unknown  
  177  11:41  Warp Prism  
  177  11:45  Pylon  
  179  11:54  Photon Cannon  
  179  11:57  Stalker x4  
  179  11:58  Stalker  
  183  12:07  Stalker  
  181  12:13  Observer  
  180  12:24  Nexus  
  180  12:27  Photon Cannon, Shield Battery  
  180  12:30  Templar Archives, Pylon  
  172  12:46  Probe  
  172  12:47  Probe x2  
  172  12:48  Probe  
  156  12:53  Stalker x6  
  168  12:59  Probe x3  
  168  13:00  Probe  
  172  13:11  Probe x2  
  174  13:16  High Templar  
  174  13:17  High Templar x5  
  186  13:21  Archon x2  
  186  13:22  Archon  
  136  13:46  Probe x2  
  106  13:50  Stalker x6  
  110  13:57  Warp Prism  
  110  14:06  Warp Prism  
  108  14:10  Stalker x4  
  108  14:16  Stalker x2  
  111  14:25  Probe x2  
  111  14:26  Probe x2  
  111  14:28  Probe  
  111  14:30  Gateway  
  116  14:32  Gateway  
  116  14:33  Gateway  
  116  14:37  Probe  
  109  14:40  High Templar x2  
  109  14:41  Stalker, High Templar x2  
  109  14:42  Stalker  
  109  14:43  Probe x2  
  109  14:44  Archon  
  109  14:45  Observer, Archon  
  123  14:46  Probe x2  
  126  15:03  Stalker x2  
  130  15:08  High Templar x2  
  130  15:12  Archon  
  134  15:14  Stalker x2  
  132  15:32  High Templar x3  
  132  15:33  High Templar  
  140  15:41  Warp Prism, Archon x2  
  140  15:44  Stalker x4  
  140  15:45  Stalker  
  150  15:53  Assimilator  
  150  15:55  Assimilator  
  150  16:08  Stalker x9  
  166  16:18  Probe x4  
  143  16:26  Probe  
  143  16:30  Probe  
  143  16:31  Stalker x2  
  143  16:32  Stalker x3, Zealot x3  
  122  17:03  Probe  
  122  17:04  Probe  
  122  17:07  Probe  
Show
View Real Time Build Order
Export as new Build Order

Yoger Zerg 

Build Orders: Hatch First, Muta Ling Bane 

Get SALT Encoding   

  12  0:00  Drone  
  13  0:12  Overlord  
  13  0:17  Drone  
  14  0:31  Drone x2  
  16  0:48  Hatchery  
  15  0:53  Drone  
  15  0:56  Drone  
  17  1:00  Drone  
  18  1:10  Extractor  
  17  1:15  Spawning Pool  
  16  1:19  Drone  
  16  1:22  Drone  
  18  1:29  Drone  
  19  1:40  Drone  
  20  1:52  Drone  
  21  2:00  Hatchery  
  20  2:02  Queen  
  20  2:05  Drone  
  23  2:09  Drone  
  23  2:12  Drone  
  25  2:17  Overlord  
  25  2:25  Queen  
  25  2:28  Drone  
  28  2:33  Metabolic Boost  
  29  2:37  Zergling x2  
  29  2:38  Zergling x2  
  31  2:44  Drone x2  
  31  2:47  Overlord  
  32  2:56  Drone x2  
  34  2:59  Queen  
  36  3:06  Zergling x4  
  38  3:13  Zergling x2  
  38  3:14  Queen  
  38  3:17  Zergling x2  
  38  3:19  Drone  
  43  3:24  Drone  
  44  3:29  Drone x2  
  46  3:35  Overlord  
  46  3:36  Drone x2  
  46  3:38  Drone x2  
  50  3:41  Spore Crawler  
  50  3:46  Spore Crawler  
  50  3:47  Drone x2  
  47  3:58  Drone x3  
  47  3:59  Drone x3  
  51  4:04  Drone  
  50  4:18  Drone x7  
  56  4:28  Drone, Overlord  
  56  4:29  Spore Crawler  
  56  4:34  Overlord  
  56  4:37  Roach Warren  
  55  4:39  Lair  
  55  4:45  Drone x2  
  57  4:46  Overlord  
  57  4:56  Drone x5  
  57  4:57  Drone x4  
  65  5:03  Overlord x2  
  65  5:08  Drone x2  
  65  5:13  Overlord  
  67  5:15  Extractor x2  
  67  5:16  Drone  
  67  5:17  Extractor  
  64  5:23  Roach x3  
  64  5:26  Roach x2  
  64  5:27  Roach  
  76  5:32  Roach x4  
  76  5:33  Roach  
  81  5:35  Drone  
  81  5:36  Drone  
  81  5:42  Drone  
  84  5:43  Drone x2  
  84  5:46  Overlord  
  84  5:48  Drone  
  87  5:51  Drone x3  
  87  5:54  Glial Reconstitution  
  90  5:57  Extractor  
  90  5:59  Roach, Extractor  
  90  6:00  Roach x2  
  94  6:06  Drone  
  94  6:07  Drone x3, Overlord  
  98  6:15  Spire  
  98  6:17  Overlord x2  
  97  6:27  Drone x2  
  97  6:29  Drone  
  97  6:35  Drone x2  
  97  6:38  Drone x2  
  97  6:39  Drone x4  
  105  6:48  Drone  
  105  6:49  Hatchery  
  105  6:51  Overlord  
  105  6:56  Evolution Chamber  
  105  7:00  Roach x5  
  114  7:04  Overlord  
  114  7:24  Queen  
  114  7:28  Mutalisk x7, Drone x2  
  114  7:29  Mutalisk x3  
  138  7:33  Drone  
  138  7:35  Baneling Nest  
  138  7:39  Overlord x2  
  138  7:43  Zerg Melee Weapons Level 1, Drone x3  
  141  7:51  Overlord x2  
  141  7:52  Drone  
  141  7:56  Drone  
  143  7:59  Hatchery  
  143  8:01  Queen  
  143  8:04  Mutalisk x2  
  143  8:05  Unknown  
  147  8:08  Zerg Flyer Weapons Level 1  
  147  8:11  Mutalisk x2  
  151  8:14  Mutalisk  
  151  8:16  Overlord  
  151  8:17  Drone  
  153  8:23  Mutalisk  
  155  8:33  Mutalisk, Overlord x2  
  155  8:34  Mutalisk  
  155  8:37  Hatchery, Drone x4  
  162  8:42  Centrifical Hooks  
  162  8:46  Mutalisk  
  162  8:47  Mutalisk  
  166  8:55  Mutalisk  
  166  8:59  Zergling x4  
  166  9:00  Zergling x14  
  177  9:05  Mutalisk  
  177  9:06  Mutalisk  
  179  9:16  Mutalisk x2  
  177  9:21  Zergling x16  
  187  9:26  Mutalisk x2  
  187  9:27  Mutalisk  
  187  9:30  Mutalisk  
  195  9:33  Extractor  
  195  9:38  Extractor  
  189  9:43  Mutalisk x2  
  183  9:52  Zerg Melee Weapons Level 2  
  172  9:54  Zergling x30  
  172  9:58  Mutalisk x2  
  172  9:59  Mutalisk  
  192  10:09  Corruptor x2  
  188  10:16  Corruptor  
  184  10:22  Corruptor x2  
  180  10:30  Corruptor  
  178  10:35  Drone  
  178  10:36  Drone x6  
  178  10:37  Mutalisk x2  
  189  10:44  Corruptor  
  191  10:53  Zerg Flyer Weapons Level 2  
  191  10:55  Mutalisk x2  
  195  11:00  Spore Crawler  
  195  11:02  Spore Crawler  
  195  11:03  Drone x3  
  192  11:05  Spore Crawler  
  192  11:06  Mutalisk x2, Spore Crawler  
  192  11:18  Mutalisk x3  
  182  11:25  Mutalisk  
  182  11:26  Mutalisk x2  
  182  11:30  Mutalisk  
  190  11:37  Zergling x18  
  199  11:46  Hatchery  
  198  11:49  Zergling x2  
  198  11:51  Baneling x16  
  198  11:52  Baneling x2  
  199  12:01  Zergling x2  
  199  12:06  Baneling  
  199  12:07  Baneling x15  
  200  12:22  Corruptor x2  
  200  12:29  Zerg Missile Weapons Level 1  
  200  12:30  Infestation Pit  
  180  12:47  Corruptor x3  
  180  12:48  Corruptor x3  
  180  12:51  Zergling x24  
  179  12:52  Zergling x8  
  193  13:00  Extractor  
  193  13:01  Mutalisk  
  193  13:03  Mutalisk, Extractor  
  193  13:04  Mutalisk x2  
  199  13:12  Baneling x15, Hatchery  
  198  13:19  Mutalisk x2  
  198  13:23  Baneling x4  
  198  13:30  Zergling x4  
  198  13:31  Zergling x4  
  189  13:38  Mutalisk x4  
  164  13:42  Zergling x2  
  164  13:43  Zergling x28  
  149  13:49  Roach  
  149  13:50  Roach x4  
  145  13:56  Roach  
  145  13:57  Roach x3  
  145  14:02  Roach x3  
  155  14:05  Roach x2  
  155  14:06  Roach x2  
  147  14:14  Zergling x2  
  147  14:15  Zergling x12  
  150  14:22  Zergling x12  
  140  14:25  Mutalisk  
  130  14:31  Mutalisk  
  130  14:32  Mutalisk x2  
  130  14:34  Mutalisk  
  130  14:36  Zergling x2  
  130  14:37  Zergling x2  
  130  14:41  Mutalisk  
  132  14:46  Mutalisk  
  132  14:47  Mutalisk  
  132  14:51  Mutalisk x2  
  140  14:59  Mutalisk x3  
  142  15:02  Baneling x3  
  142  15:03  Baneling  
  142  15:04  Baneling  
  146  15:08  Baneling  
  146  15:09  Baneling x6  
  146  15:12  Baneling x2  
  146  15:13  Zergling x4  
  148  15:28  Zergling x12  
  144  15:29  Zergling x10  
  150  15:39  Mutalisk  
  150  15:40  Mutalisk x3  
  147  15:48  Mutalisk x3  
  153  15:52  Mutalisk x2  
  157  15:58  Drone x4  
  157  16:03  Drone x3  
  161  16:08  Mutalisk  
  163  16:15  Mutalisk x2  
  163  16:22  Mutalisk  
  163  16:23  Mutalisk  
  163  16:25  Baneling x5  
  165  16:26  Baneling x2  
  165  16:29  Zergling x2  
  165  16:30  Zergling x4  
  168  16:36  Mutalisk x2  
  172  16:40  Baneling x7  
  157  16:52  Mutalisk  
  157  16:53  Mutalisk x4  
Tags
 
Add a new tag
Caveats
  • Supply blocks, unpowered buildings, or Contaminate may cause inaccurate times.
  • Supply counts are checked every 10 seconds.